 Dungeon Crawl Stone Soup version 0.19-a0-743-ge0d55e4 (webtiles) character file.

32205 shmeve the Fighter (level 13, 0/118 HPs)
             Began as a Grey Draconian Berserker on June 24, 2016.
             Was a High Priest of Trog.
             Slain by a griffon (9 damage)
             ... on level 5 of the Lair of Beasts.
             The game lasted 00:42:35 (15902 turns).

shmeve the Fighter (Grey Draconian Berserker)      Turns: 15902, Time: 00:42:36

Health: 0/118      AC: 17    Str: 26    XL:     13   Next: 30%
Magic:  4/4        EV: 14    Int:  7    God:    Trog [*****.]
Gold:   912        SH: 19    Dex: 10    Spells: 0 memorised, 12 levels left

rFire  . . .     SeeInvis .     o - +3 broad axe (antimagic)
rCold  . . .     Gourm    .     (armour unavailable)
rNeg   . . .     Faith    .     F - +0 large shield
rPois  .         Spirit   .     E - +0 hat
rElec  .         Dismiss  .     y - +0 cloak (curse)
rCorr  .         Reflect  .     c - +0 pair of gloves
SustAt .         Harm     .     M - +1 pair of boots
MR     ++...                    U - amulet of regeneration
Stlth  ++++......               (no ring)
                                x - ring of stealth (curse)

@: exhausted, regenerating, slowed, very slow, very resistant to hostile
enchantments, stealthy
A: walk through water, unfitting armour, unbreathing, cold-blooded, AC +13
a: Berserk, Trog's Hand, Brothers in Arms, Burn Spellbooks, Renounce Religion


You were on level 5 of the Lair of Beasts.
You worshipped Trog.
Trog was extremely pleased with you.
You were near starving.

You visited 2 branches of the dungeon, and saw 16 of its levels.
You also visited: Ossuary and Bailey.

You collected 912 gold pieces.

Inventory:

Hand Weapons
 o - a +3 antimagic broad axe (weapon)
Armour
 c - a +0 pair of gloves (worn)
 y - a cursed +0 cloak (worn)
 E - a +0 hat (worn)
 F - a +0 large shield (worn)
 M - a +1 pair of boots (worn)
Jewellery
 x - a cursed ring of stealth (left hand)
 U - an amulet of regeneration (around neck)
Wands
 a - a wand of acid (0/15)
 g - a wand of lightning (4/15)
 J - a wand of flame (35/48)
 O - a wand of slowing (12/48)
 R - a wand of acid (3/15)
 S - a wand of polymorph (8/24)
 W - a wand of lightning (0/15)
Scrolls
 d - 3 scrolls of fog {unknown}
 e - 4 scrolls of magic mapping {unknown}
 i - 4 scrolls of teleportation {unknown}
 j - 8 scrolls of enchant armour {unknown}
 l - 19 scrolls of identify {unknown}
 m - a scroll of immolation {unknown}
 n - 3 scrolls of amnesia {unknown}
 p - 3 scrolls of noise {unknown}
 r - 3 scrolls of enchant weapon {unknown}
 w - 2 scrolls of remove curse {unknown}
 A - 2 scrolls of random uselessness {unknown}
 D - 5 scrolls of blinking {unknown}
 K - 2 scrolls of brand weapon {unknown}
 L - 3 scrolls of fear {unknown}
 Q - 4 scrolls of recharging {unknown}
 X - a scroll of holy word {unknown}
Potions
 h - 3 potions of might {unknown}
 k - 3 potions of degeneration {unknown}
 q - 3 potions of mutation {unknown}
 s - a potion of cure mutation {unknown}
 t - 2 potions of beneficial mutation {unknown}
 u - a potion of haste {unknown}
 v - 4 potions of resistance {unknown}
 z - 6 potions of curing {unknown}
 B - 3 potions of agility
 C - 2 potions of invisibility {unknown}
 G - 2 potions of berserk rage {unknown}
 H - 3 potions of brilliance {unknown}
 I - 2 potions of heal wounds {unknown}
 V - 2 potions of flight {unknown}
Miscellaneous
 N - a disc of storms
Comestibles
 b - 6 bread rations
 f - 4 meat rations
 P - 10 royal jellies
 T - a chunk of flesh


   Skills:
 * Level 12.0 Fighting
 * Level 11.3 Axes
 * Level 10.1 Dodging
 + Level 7.3 Stealth
 * Level 11.4 Shields


You had 12 spell levels left.
You didn't know any spells.

Dungeon Overview and Level Annotations

Branches:
Dungeon (11/15)            Temple (0/1) D:7            Lair (5/6) D:11
 Shoals (0/4) Lair:4        Snake (0/4) Lair:4          Orc (0/2) D:10
  Slime: Lair:5-6

Altars:
Cheibriados
Elyvilon
Nemelex Xobeh
Okawaru
Qazlal
Ru
Trog
Uskayaw
Xom
Zin
Beogh

Shops:
D:10 [

Annotations:
D:6 Prince Ribbit


Innate Abilities, Weirdness & Mutations

You can walk through water.
Your dull iron-grey scales are very hard. (AC +13)
Your body does not fit into most forms of armour.
You can survive without breathing.
You are cold-blooded and may be slowed by cold attacks.


Message History

You feel a strong urge to attack something.
Found a falchion.
Unknown command.
You feel your anger subside.
You are no longer berserk.
You are exhausted.
You feel yourself slow down.
You are feeling very hungry.
Your skin crawls.
You feel resistant to hostile enchantments.
You are near starving!
The griffon misses you.
The griffon pecks you but does no damage.
You block the griffon's attack.
Unknown command.
You barely miss the griffon.
You tail-slap the griffon, but do no damage.
The griffon bites you!
* * * LOW HITPOINT WARNING * * *
The griffon pecks you!
You die...

.........#...
#...............
#........#...P...
##............#..
###........#.....##
..........#........
....................#...
.................⌠...#.
..........@..#) ......##
.........H#.## #......##
.##.....†###.####.#..⌠..###
#P.....####.............#
#.......(......(.......#
..#...........†⌠†.⌠.<.⌠.+
P...............†.......#
........###............#
.......P #.#..#...⌠..##


You could see a griffon.

Vanquished Creatures
  3 hydras
  2 hill giants (D:10)
  2 unseen horrors
  Pikel (D:6)
  An ugly thing (D:11)
  3 manticores
  4 elephants (Lair:1)
  Joseph (D:10)
  A black mamba (Lair:4)
  7 spiny frogs
  3 centaur skeletons (D:11)
  A kobold demonologist (D:11)
  4 komodo dragons
  4 rime drakes
  A troll (D:10)
  Grinder (D:3)
  A two-headed ogre (D:8)
  A boulder beetle (Lair:4)
  5 wyverns
  32 yaks
  2 basilisks (Lair:4)
  A hungry ghost (D:11)
  4 hippogriffs
  2 nagas (Lair:4)
  Duvessa (D:7)
  9 water moccasins
  3 ice beasts
  3 porcupines
  8 orc warriors
  5 ogres
  2 black bears
  4 slaves (D:6)
  3 sky beasts
  3 necrophages
  3 wolves (Lair:3)
  6 crocodiles
  5 centaurs
  5 big kobolds
  An elf zombie (Ossuary)
  7 giant frogs
  A water moccasin zombie (D:8)
  4 scorpions
  Dowan (D:7)
  9 wights (D:10)
  3 howler monkeys
  A giant frog zombie (D:11)
  6 jellies
  2 crimson imps (D:7)
  A centaur zombie (Ossuary)
  A wasp zombie (D:8)
  7 orc priests
  Crazy Yiuf (D:3)
  A giant frog skeleton (D:8)
  2 hounds
  4 iguanas
  Jessica (D:2)
  Ijyb (D:2)
  Terence (D:3)
  7 worker ants
  12 orc wizards
  16 sheep
  3 big kobold zombies (Ossuary)
  3 hound skeletons
  2 mummies (Ossuary)
  Robin (D:3)
  9 gnolls
  46 river rats
  10 adders
  A shadow imp (D:5)
  5 oozes (D:10)
  3 worms
  2 adder skeletons
  An adder zombie (D:8)
  A dart slug (D:3)
  3 giant geckos
  46 orcs
  4 giant cockroaches
  30 goblins
  20 hobgoblins
  7 jackals
  25 kobolds
  7 quokkas
  A ball python (D:5)
  6 bats
  2 giant gecko skeletons (D:7)
  4 giant newts
  2 goblin zombies (Ossuary)
  11 hobgoblin zombies (Ossuary)
  A jackal skeleton (D:5)
  12 kobold zombies (Ossuary)
  6 orc zombies (Ossuary)
  8 rats
519 creatures vanquished.

Vanquished Creatures (collateral kills)
  A hydra (Lair:4)
  A catoblepas (Lair:3)
  A death yak (Lair:3)
  A torpor snail (Lair:3)
  8 rime drakes (Lair:4)
  4 wyverns (Lair:4)
  4 basilisks (Lair:4)
  A hippogriff (Lair:4)
  A water moccasin (Lair:4)
22 creatures vanquished.

Vanquished Creatures (others)
  A centaur (D:9)
  2 kobolds
  5 fungi (Lair:3)
  A plant (Lair:3)
9 creatures vanquished.

Grand Total: 550 creatures vanquished

Notes
Turn   | Place    | Note
--------------------------------------------------------------
     0 | D:1      | shmeve the Draconian Berserker began the quest for the Orb.
     0 | D:1      | Reached XP level 1. HP: 19/19 MP: 1/1
   485 | D:1      | Reached XP level 2. HP: 26/26 MP: 2/2
  1052 | D:2      | Noticed Ijyb
  1059 | D:2      | Killed Ijyb
  1059 | D:2      | Reached skill level 4 in Fighting
  1059 | D:2      | Reached skill level 1 in Stealth
  1059 | D:2      | Reached XP level 3. HP: 33/33 MP: 3/3
  1400 | D:2      | Reached XP level 4. HP: 39/40 MP: 4/4
  1473 | D:2      | Reached ** piety under Trog
  1599 | D:2      | Noticed Jessica
  1606 | D:2      | Killed Jessica
  1798 | D:3      | Noticed Grinder
  1810 | D:3      | Killed Grinder
  1810 | D:3      | Reached skill level 5 in Fighting
  1810 | D:3      | Reached XP level 5. HP: 41/48 MP: 5/5
  1810 | D:3      | Reached XP level 6. HP: 48/56 MP: 6/6
  1988 | D:3      | Found a sparkling altar of Nemelex Xobeh.
  2096 | D:3      | Found an iron altar of Okawaru.
  2097 | D:3      | Found a bloodstained altar of Trog.
  2105 | D:3      | Noticed Robin
  2113 | D:3      | Killed Robin
  2291 | D:3      | Noticed Crazy Yiuf
  2298 | D:3      | Killed Crazy Yiuf
  2360 | D:3      | Noticed Terence
  2369 | D:3      | Killed Terence
  2924 | D:4      | Reached *** piety under Trog
  3031 | D:4      | Reached skill level 5 in Axes
  3031 | D:4      | Your scales start taking on a dull iron-grey colour.
  3031 | D:4      | Reached XP level 7. HP: 48/61 MP: 7/7
  3031 | D:4      | Gained mutation: You can survive without breathing. [Grey Draconian growth]
  3148 | D:4      | Found a stormy altar of Qazlal.
  3363 | D:4      | Found a stormy altar of Qazlal.
  3366 | D:4      | Noticed an air elemental
  3367 | D:4      | Noticed a water elemental
  3367 | D:4      | Noticed a fire elemental
  3814 | D:4      | Found a snail-covered altar of Cheibriados.
  3869 | D:5      | Entered Level 5 of the Dungeon
  3886 | D:5      | Reached skill level 6 in Fighting
  4235 | D:5      | Found a sand-covered staircase.
  4240 | Ossuary  | Entered an ossuary
  4391 | Ossuary  | Reached XP level 8. HP: 53/70 MP: 8/8
  4654 | D:5      | Reached skill level 5 in Shields
  4821 | D:5      | Noticed an angel
  4821 | D:5      | Found a shimmering altar of Xom.
  4821 | D:5      | Found a glowing silver altar of Zin.
  5289 | D:6      | Noticed Prince Ribbit
  5384 | D:6      | Noticed Pikel
  5447 | D:6      | Killed Pikel
  5447 | D:6      | Reached skill level 5 in Dodging
  5927 | D:7      | Found a flagged portal.
  5948 | Bailey   | Entered a bailey
  5967 | Bailey   | Reached XP level 9. HP: 74/78 MP: 9/9
  6006 | Bailey   | Reached **** piety under Trog
  6182 | Bailey   | Received a gift from Trog
  6217 | Bailey   | Reached skill level 7 in Fighting
  6496 | Bailey   | Noticed an orc warlord
  6496 | Bailey   | Noticed an orc knight
  6560 | D:7      | Found a staircase to the Ecumenical Temple.
  6614 | D:7      | Noticed Dowan
  6615 | D:7      | Noticed Duvessa
  6621 | D:7      | Killed Dowan
  6641 | D:7      | Killed Duvessa
  6772 | D:7      | Found a hide-covered altar of Uskayaw.
  6793 | D:7      | You fall through a shaft for 2 floors!
  6835 | D:9      | Reached skill level 8 in Fighting
  6838 | D:9      | Reached ***** piety under Trog
  6841 | D:9      | Reached XP level 10. HP: 67/88 MP: 10/10
  7277 | D:7      | Found a sacrificial altar of Ru.
  8083 | D:9      | Reached skill level 9 in Fighting
  8506 | D:9      | Found a white marble altar of Elyvilon.
  8740 | D:10     | Entered Level 10 of the Dungeon
  9069 | D:10     | Killed an unseen horror
  9160 | D:10     | Noticed a hill giant
  9176 | D:10     | Killed a hill giant
  9176 | D:10     | Reached skill level 5 in Stealth
  9218 | D:10     | Noticed Joseph
  9246 | D:10     | Killed Joseph
  9246 | D:10     | Reached XP level 11. HP: 70/97 MP: 11/11
  9468 | D:10     | Found Wannopt's Armour Emporium.
  9533 | D:10     | Found a staircase to the Orcish Mines.
  9538 | D:10     | Found a roughly hewn altar of Beogh.
  9543 | D:10     | Received a gift from Trog
  9720 | D:10     | Noticed a hill giant
  9732 | D:10     | Killed a hill giant
 10236 | D:11     | Reached skill level 10 in Fighting
 10926 | D:11     | Found a staircase to the Lair.
 11307 | D:11     | Noticed a soul eater
 11421 | D:11     | Killed an unseen horror
 11692 | D:11     | Noticed a white ugly thing
 11712 | D:11     | Killed a white ugly thing
 11826 | Lair:1   | Entered Level 1 of the Lair of Beasts
 12013 | Lair:1   | Reached XP level 12. HP: 18/108 MP: 12/12
 12447 | Lair:1   | Received a gift from Trog
 12577 | Lair:1   | Reached skill level 10 in Axes
 12582 | Lair:1   | Reached skill level 10 in Shields
 13207 | Lair:2   | Reached skill level 11 in Fighting
 14191 | Lair:3   | Noticed a death yak
 14191 | Lair:3   | Noticed a catoblepas
 14218 | Lair:3   | Killed a catoblepas
 14227 | Lair:3   | Killed a death yak
 14370 | Lair:3   | Noticed a five-headed hydra
 14380 | Lair:3   | Killed a ten-headed hydra
 14678 | Lair:3   | Received a gift from Trog
 15254 | Lair:4   | Found a staircase to the Shoals.
 15483 | Lair:4   | Found a staircase to the Snake Pit.
 15569 | Lair:4   | Noticed a four-headed hydra
 15585 | Lair:4   | Killed a four-headed hydra
 15585 | Lair:4   | Reached XP level 13. HP: 117/117 MP: 4/13
 15610 | Lair:4   | Received a gift from Trog
 15611 | Lair:4   | Got an encrusted battleaxe {god gift}
 15754 | Lair:5   | Reached skill level 10 in Dodging
 15756 | Lair:5   | Reached skill level 12 in Fighting
 15902 | Lair:5   | Slain by a griffon

Vault maps used:
D:1:      denvon_arrival_planthouse, serial_glass, glass_columns_a,
          glass_columns_b
D:2:      kennysheep_boxes, uniq_iyjb, uniq_jessica
D:3:      grunt_temple_overflow_open, nemelex_xobeh_ov_fountains_minmay,
          uniq_robin, uniq_terence, uniq_crazy_yiuf_cottage, uniq_grinder
D:4:      nicolae_overflow_hidden_temple, first_bread,
          nicolae_qazlal_style_of_elements
D:5:      grunt_temple_overflow_order_and_chaos_1, enter_ossuary_5
D:6:      kb_forest_paths, uniq_prince_ribbit1, uniq_pikel, uniq_menkaure
D:7:      kennysheep_little_box, enter_bailey_3, nicolae_ru_awakened_eye,
          uniq_duvessa
D:9:      nicolae_overflow_crystal_walls
D:10:     minmay_orc_entry_temple_small, serial_shops,
          nicolae_shop_behind_doors, hangedman_little_slice_of_home,
          st_stairs_1, uniq_joseph
D:11:     lair_0_dummy
Lair:2:   serial_bayou_crossing
Lair:4:   shoals_dummy_entry, guppyfry_snake_entry_island, special_room
Lair:5:   basic_altar, grunt_forest_large_clearings, grunt_megastairs_3,
          infiniplex_staircase_pool, serial_bayou_shore_b, uniq_josephine
Ossuary:  ossuary_tomb_1
Bailey:   bailey_axe_minmay_hex_keep, bailey

Skill      XL: |  1  2  3  4  5  6  7  8  9 10 11 12 13 |
---------------+----------------------------------------+-----
Dodging        | 3 4 5 6 7 8 9 10 | 10.1
Fighting       | 4 5 6 8 9 10 11 12 | 12.0
Stealth        | 1 2 3 4 5 6 7 |  7.3
Axes           | 4 5 6 7 8 9 11 | 11.3
Shields        | 3 6 7 8 9 11 | 11.4

Action                   |  1- 3 |  4- 6 |  7- 9 | 10-12 | 13-15 || total
-------------------------+-------+-------+-------+-------+-------++-------
Melee: Hand axe          |    65 |   155 |   468 |       |       ||   688
       Tailslap          |     7 |    12 |   109 |   149 |    13 ||   290
       War axe           |       |       |   140 |   454 |       ||   594
       Broad axe         |       |       |       |   465 |    53 ||   518
Invok: Berserk           |     1 |     4 |     4 |     9 |     2 ||    20
       Trog's Hand       |       |     1 |     2 |     2 |     1 ||     6
       Brothers in Arms  |       |       |       |     2 |       ||     2
Evoke: Wand              |       |       |     1 |       |     6 ||     7
  Use: Potion            |       |       |       |     1 |       ||     1
 Stab: Sleeping          |     2 |       |    12 |    30 |       ||    44
       Distracted        |       |       |     1 |     1 |       ||     2
       Petrified         |       |       |       |     1 |       ||     1
  Eat: Chunk             |     2 |    10 |    16 |    26 |     3 ||    57
       Pizza             |       |       |     1 |     3 |       ||     4
       Fruit             |       |       |       |     4 |       ||     4
       Meat ration       |       |       |       |     1 |       ||     1
       Royal jelly       |       |       |       |     1 |       ||     1
Armor: Skin              |    33 |    66 |   175 |   265 |    45 ||   584
Dodge: Dodged            |    46 |   112 |   219 |   301 |    48 ||   726
Block: Other             |       |     5 |    27 |       |       ||    32
       Buckler           |       |       |    56 |       |       ||    56
       Reflection        |       |       |     2 |    22 |       ||    24
       Large shield      |       |       |   340 |  1075 |    92 ||  1507
